 Dungeon Crawl Stone Soup version 0.31-a0-1589-g8f5e8aebd6 (webtiles) character file.

Game seed: 13334459888097263676

27465 hikkokomori the Fighter (level 13, -2/83 HPs)
             Began as a Gargoyle Earth Elementalist on Jan 4, 2024.
             Was the Champion of Okawaru.
             Slain by a very large slime creature (37 damage)
             ... in a Gauntlet on Jan 5, 2024.
             The game lasted 00:50:33 (16040 turns).

hikkokomori the Fighter (GrEE)                     Turns: 16040, Time: 00:50:33

Health: -2/83      AC: 29    Str: 20    XL:     13   Next: 32%
Magic:  21/24      EV: 15    Int: 19    God:    Okawaru [******]
Gold:   2136       SH: 12    Dex: 12    Spells: 17/27 levels left

rFire   + . .        q - +5 Force Lance {heavy, knockback}
rCold   + + .        v - +2 kite shield
rNeg    + . .        a - +7 ring mail of Gluttony {rC+ Will+}
rPois   ∞            H - +1 helmet
rElec   +            t - +1 cloak of Lasus {+Inv rPois rC+}
rCorr   +            I - +0 pair of gloves
SInv    .            y - +0 pair of boots
Will    +....        (no amulet)
Stlth   ++           D - +6 ring of strength
HPRegen 0.33/turn    S - ring "Hudu" {rF+ rCorr EV+5 Dex+2}
MPRegen 0.19/turn

%: no teleportation
@: no status effects
A: sickness immunity, AC +9, negative energy resistance 1, electricity
resistance, torment resistance 1, petrification resistance
a: Renounce Religion, Evoke Invisibility, Heroism, Finesse, Duel, Receive Weapon


You were in a Gauntlet.
You worshipped Okawaru.
Okawaru was exalted by your worship.
You visited 3 branches of the dungeon, and saw 14 of its levels.
You also visited: Gauntlet.

You collected 2136 gold pieces.

Inventory:

Hand Weapons
 q - the +5 Force Lance (weapon) {heavy, knockback}
   (You found it on level 4 of the Dungeon)
 J - a +2 scimitar of flaming
 Z - the +4 dagger "Newtbane" {freeze, rF++ Will+}
   (You found it on level 10 of the Dungeon)

   rF++:      It greatly protects you from fire.
   Will+:     It increases your willpower.
Missiles
 c - a javelin
Armour
 a - the +7 ring mail of Gluttony (worn) {rC+ Will+}
   (Okawaru gifted it to you on level 1 of the Lair of Beasts)

   rC+:       It protects you from cold.
   Will+:     It increases your willpower.
 t - the +1 cloak of Lasus (worn) {+Inv rPois rC+}
   (You found it on level 4 of the Dungeon)

   rC+:       It protects you from cold.
   rPois:     It protects you from poison +Inv: It lets you turn invisible.
 v - a +2 kite shield (worn)
 y - a +0 pair of boots (worn)
 G - a +1 leather armour of fire resistance
 H - a +1 helmet (worn)
 I - a +0 pair of gloves (worn)
 M - a +0 ring mail of cold resistance
 T - a +1 robe of cold resistance
 X - a +1 troll leather armour
 Y - a +0 cloak of poison resistance
Magical Staves
 z - a staff of alchemy
Jewellery
 k - a ring of flight
 D - a +6 ring of strength (left hand)
 R - a ring of protection from fire
 S - the ring "Hudu" (right hand) {rF+ rCorr EV+5 Dex+2}
   (You found it on level 10 of the Dungeon)

   [ring of evasion]

   EV+5:      It affects your evasion (+5).
   Dex+2:     It affects your dexterity (+2).
   rF+:       It protects you from fire.
   rCorr:     It protects you from acid and corrosion.
Wands
 l - a wand of flame (46)
 o - a wand of paralysis (13)
 u - a wand of polymorph (7)
 B - a wand of digging (5)
 Q - a wand of mindburst (18)
 W - a wand of roots (3)
Scrolls
 d - 4 scrolls of blinking
 e - a scroll of teleportation
 f - a scroll of summoning
 h - 2 scrolls of poison
 n - a scroll of amnesia
 r - 5 scrolls of enchant armour
 s - 3 scrolls of immolation
 x - 3 scrolls of fear
 A - a scroll of fog
 C - a scroll of acquirement
 O - a scroll of vulnerability
 V - 3 scrolls of identify
Potions
 b - 2 potions of magic
 g - a potion of curing
 i - 2 potions of lignification
 j - 3 potions of haste
 m - 2 potions of attraction
 p - 2 potions of mutation
 w - a potion of enlightenment
 E - a potion of resistance
 F - a potion of invisibility
 K - a potion of degeneration
 L - 2 potions of cancellation
 U - a potion of ambrosia
Miscellaneous
 P - a condenser vane


   Skills:
 + Level 10.6 Fighting
 + Level 8.6 Polearms
 + Level 4.0 Armour
 - Level 2.4 Dodging
 - Level 4.4 Stealth
 + Level 8.9 Shields
 - Level 7.8 Spellcasting
 - Level 6.0 Conjurations
 - Level 4.2 Translocations
 - Level 5.3 Earth Magic
 - Level 8.0 Invocations
 + Level 5.3 Evocations


You had 17 spell levels left.
You knew the following spells:

 Your Spells              Type           Power      Damage    Failure   Level
a - Sandblast             Erth           54%        2d13      3%          1
b - Stone Arrow           Conj/Erth      58%        3d10      9%          3
c - Passwall              Erth           27%        N/A       10%         3
d - Gell's Gravitas       Tloc           23%        N/A       16%         3

Your spell library contained the following spells:

 Spells                   Type           Power      Damage    Failure   Level
 Static Discharge         Conj/Air       36%        3-5/arc   13%         2
 Teleport Other           Tloc           23%        N/A       16%         3
 Brom's Barrelling Bould  Conj/Erth      29%        2d5       28%         4
 Slow                     Hex            28%        N/A       30%         1
 Ensorcelled Hibernation  Hex/Ice        14%        N/A       41%         2
 Confusing Touch          Hex            7%         N/A       65%         3
 Fugue of the Fallen      Necr           7%         N/A       65%         3
 Sigil of Binding         Hex            7%         N/A       65%         3
 Vampiric Draining        Necr           7%         2d6       65%         3
 Petrify                  Alch/Erth      17%        N/A       69%         4
 Airstrike                Air            3%         2d(1-17)  96%         4
 Anguish                  Hex/Necr       3%         N/A       96%         4
 Dispel Undead            Necr           7%         3d8       96%         4
 Dispersal                Tloc           11%        N/A       100%        6
 Cigotuvi's Dreadful Rot  Necr/Alch/Air  Unusable   N/A       N/A         2
 Martyr's Knell           Necr/Summ      Unusable   N/A       N/A         4
 Summon Lightning Spire   Summ/Air       Unusable   N/A       N/A         4
 Death Channel            Necr           Unusable   N/A       N/A         6

Dungeon Overview and Level Annotations

Branches:
Dungeon (11/15)            Temple (1/1) D:6            Lair (2/5) D:10
    Orc (0/2) D:9         Gauntlet (1/1)
  Swamp: Lair:2-3    Shoals: Lair:2-3     Snake: Lair:2-3    Spider: Lair:2-3

Altars:
Ashenzari
Cheibriados
Dithmenos
Elyvilon
Fedhas
Gozag
Hepliaklqana
Kikubaaqudgha
Makhleb
Nemelex Xobeh
Okawaru
Qazlal
Ru
Sif Muna
Trog
Uskayaw
Vehumet
Wu Jian
Xom
Yredelemnul
Zin
The Shining One

Shops:
D:6 *

Annotations:
Gauntlet 4 transporters


Innate Abilities, Weirdness & Mutations

You are immune to sickness and miasma.
Your stone body is resilient. (AC +9)
You are immune to poison.
You resist negative energy. (rN+)
You are resistant to electric shocks. (rElec)
You are resistant to unholy torment.
You are immune to petrification.


Message History

You block the very large slime creature's attack.
You puncture the very large slime creature!
The very large slime creature is lightly wounded.
The very large slime creature barely misses you.
You impale the very large slime creature!!
The very large slime creature is knocked back by the blow.
The very large slime creature slams into the rock wall!
The very large slime creature is moderately wounded. x2
You barely miss the very large slime creature.
The very large slime creature is moderately wounded.
You block the very large slime creature's attack.
The very large slime creature hits you but does no damage.
You impale the very large slime creature!!
The very large slime creature is heavily wounded.
The very large slime creature hits you!
You puncture the very large slime creature!
The very large slime creature is heavily wounded.
The very large slime creature hits you but does no damage.
You impale the very large slime creature!!
The very large slime creature is severely wounded.
You block the very large slime creature's attack.
You impale the very large slime creature!!
The very large slime creature is severely wounded.
You block the very large slime creature's attack.
You puncture the very large slime creature!
The very large slime creature is almost dead.
The very large slime creature hits you!
You puncture the very large slime creature!
The very large slime creature is almost dead.
The very large slime creature hits you!!
You are too injured to fight recklessly!
Casting: Stone Arrow (dangerous; 9% risk of failure)
Confirm with . or Enter, or press ? or * to list all spells.
Aiming: Stone Arrow (dangerous; 9% risk of failure)
Press: ? - help, Shift-Dir - straight line, f - very large slime creature
Aim: a very large slime creature (almost dead, 94% to hit)
The stone arrow hits the very large slime creature!
The very large slime creature is almost dead.
The very large slime creature hits you!!!
You die...

## ## ## ##≈###≈###≈###≈##
≈ ≈≈≈#≈≈≈#≈≈≈#≈≈≈ ..
............≈ ###
########...## 8©8#
..#...#...≈##
#..#.##...#.#.#.#.#..∩≈≈# #
.##..##...#=#.#.#.#...≈##
#©.#©##.#©.©#©##@##.#©..##
##..#.######?#.#J#.#...≈##
# .##..##...#.#.#J#.#..∩≈≈#
#!.#.##D#.8.#...#J..#...≈##
#########...#########...##
........................≈#
≈≈#≈≈≈#≈≈≈#≈≈≈#≈≈≈#≈≈≈#≈≈≈#
##≈ ##≈###≈###≈###≈###≈## #
### ### ### ### ##


You could see a very large slime creature and 2 jellies.

Vanquished Creatures
  Fannar (D:10)
  2 hydras (D:10)
  Harold (D:9)
  2 boulder beetles
  3 two-headed ogres
  A skyshark (Lair:2)
  Lodul (D:11)
  A wolf spider (D:10)
  An ugly thing (D:10)
  A manticore (D:10)
  A cyclops (D:10)
  A black mamba (Lair:2)
  2 cane toads
  An unseen horror (D:11)
  7 komodo dragons
  A kobold demonologist (D:10)
  A rime drake (Lair:1)
  An efreet (D:10)
  2 trolls (D:11)
  3 hornets
  5 blink frogs (Lair:1)
  2 slime creatures (D:10)
  2 shadows (D:10)
  Sigmund (D:2)
  A vampire (D:10)
  22 yaks
  2 wraiths (D:9)
  4 wyverns
  2 basilisks
  Grum (D:10)
  4 steam dragons
  2 vampire mosquitoes
  Menkaure (D:4)
  An acid dragon (D:10)
  10 water moccasins
  An ice beast (D:6)
  2 orc warriors
  A sky beast (D:8)
  5 black bears
  2 laughing skulls (D:10)
  15 wolves
  8 ogres
  A centaur (D:6)
  2 phantoms
  2 kobold brigands
  9 bullfrogs
  2 gnoll sergeants (D:11)
  4 scorpions
  11 wights
  14 killer bees
  5 howler monkeys
  2 hounds
  2 jellies
  3 bombardier beetles
  5 orc priests
  A gnoll bouda (D:10)
  2 iguanas
  Ijyb (D:3)
  10 orc wizards
  Natasha (thrice) (D:3)
  6 gnolls (D:11)
  11 adders
  A white imp (D:7)
  4 ufetubi
  A dart slug (D:2)
  4 ribbon worms
  33 orcs
  6 bats
  6 endoplasms
  4 giant cockroaches
  5 goblins
  6 hobgoblins
  3 jackals (D:5)
  A quokka (D:1)
  4 ball pythons
  A frilled lizard (D:3)
  14 kobolds
  2 rats (D:4)
319 creatures vanquished.

Vanquished Creatures (others)
  An orc priest (D:6)
  An orc wizard (D:9)
2 creatures vanquished.

Grand Total: 321 creatures vanquished

Notes
Turn   | Place    | Note
-------+----------+-------------------------------------------
     0 | D:1      | hikkokomori the Gargoyle Earth Elementalist began the quest
                  | for the Orb.
     0 | D:1      | Reached XP level 1. HP: 10/10 MP: 3/3
   305 | D:1      | Reached XP level 2. HP: 15/15 MP: 3/5
  1060 | D:2      | Reached XP level 3. HP: 19/19 MP: 3/6
  1146 | D:2      | Noticed Sigmund
  1152 | D:2      | Killed Sigmund
  1153 | D:2      | Reached XP level 4. HP: 17/24 MP: 0/8
  1153 | D:2      | Reached XP level 5. HP: 19/28 MP: 0/9
  1844 | D:3      | Found a hide-covered altar of Uskayaw.
  1877 | D:3      | Noticed Natasha
  1888 | D:3      | Reached skill level 1 in Fighting
  1888 | D:3      | Reached XP level 6. HP: 31/34 MP: 1/10
  1962 | D:3      | Killed Natasha
  2025 | D:3      | Reached skill level 5 in Earth Magic
  2270 | D:3      | Noticed Natasha
  2277 | D:3      | Killed Natasha
  2437 | D:3      | Noticed Natasha
  2439 | D:3      | Killed Natasha
  2609 | D:3      | Noticed Ijyb
  2618 | D:3      | Killed Ijyb
  2765 | D:4      | Noticed a moth of wrath
  2884 | D:4      | Noticed a black bear
  2910 | D:3      | Killed a black bear
  2911 | D:3      | Reached skill level 2 in Fighting
  2911 | D:3      | Reached XP level 7. HP: 36/40 MP: 8/12
  2991 | D:4      | Found a bloodstained altar of Trog.
  2991 | D:4      | Found the +5 Force Lance {heavy, knockback}
  3108 | D:4      | Learned a level 3 spell: Stone Arrow
  3112 | D:4      | Learned a level 3 spell: Passwall
  3116 | D:4      | Learned a level 3 spell: Gell's Gravitas
  3320 | D:4      | Identified the +1 cloak of Lasus {+Inv rPois rC+}
  3389 | D:4      | Found an iron altar of Okawaru.
  3551 | D:4      | Reached skill level 1 in Polearms
  3600 | D:4      | Reached skill level 1 in Translocations
  3600 | D:4      | Reached skill level 1 in Evocations
  3657 | D:4      | Found a shadowy altar of Dithmenos.
  3736 | D:4      | Reached skill level 3 in Fighting
  3793 | D:4      | Noticed Menkaure
  3805 | D:4      | Killed Menkaure
  3806 | D:4      | Reached XP level 8. HP: 40/46 MP: 0/13
  4006 | D:5      | Entered Level 5 of the Dungeon
  4399 | D:5      | Found an opulent altar of Gozag.
  4596 | D:5      | Reached skill level 4 in Fighting
  4596 | D:5      | Reached skill level 5 in Conjurations
  5363 | D:5      | Reached XP level 9. HP: 41/52 MP: 11/14
  5538 | D:6      | Found a staircase to the Ecumenical Temple.
  5578 | D:6      | Reached skill level 5 in Fighting
  5820 | Temple   | Entered the Ecumenical Temple
  5975 | D:4      | Became a worshipper of Warmaster Okawaru
  6015 | D:7      | Found a broken altar of Ashenzari.
  6121 | D:7      | Found a shimmering blue altar of Sif Muna.
  6357 | D:7      | Reached skill level 1 in Invocations
  6723 | D:6      | Identified the +5 arbalest "Wagaciwn" {antimagic, ^Contam
                  | rN++}
  6800 | D:6      | Found Fousal's Assorted Antiques.
  7226 | D:8      | Noticed a hornet
  7235 | D:8      | Killed a hornet
  7526 | D:8      | Reached skill level 1 in Shields
  7759 | D:8      | Noticed a two-headed ogre
  7761 | D:8      | Reached * piety under Okawaru
  7768 | D:8      | Killed a two-headed ogre
  7768 | D:8      | Reached ** piety under Okawaru
  7769 | D:8      | Reached skill level 6 in Fighting
  7769 | D:8      | Reached XP level 10. HP: 24/60 MP: 0/16
  8408 | D:9      | Identified 2 scrolls of acquirement
  8408 | D:9      | Acquired 961 gold pieces
  8571 | D:9      | Noticed a two-headed ogre
  8575 | D:9      | Reached skill level 5 in Polearms
  8585 | D:9      | Killed a two-headed ogre
  8586 | D:9      | Reached skill level 5 in Spellcasting
  8620 | D:9      | Reached skill level 7 in Fighting
  8848 | D:9      | Found an ornate altar of the Wu Jian Council.
  8876 | D:9      | Reached *** piety under Okawaru
  8885 | D:9      | Noticed Maurice
  8886 | D:9      | Found a staircase to the Orcish Mines.
  8925 | D:9      | Maurice changed into Maurice the orc
  8925 | D:9      | Noticed Maurice
  9020 | D:9      | Killed Maurice the orc
  9296 | D:9      | Noticed Harold
  9304 | D:9      | Killed Harold
  9399 | D:9      | Identified the +9 hand axe "Xaje" {elec, rElec Int+2}
  9415 | D:9      | Reached skill level 5 in Invocations
  9418 | D:9      | Reached **** piety under Okawaru
  9424 | D:9      | Reached XP level 11. HP: 57/67 MP: 0/19
  9805 | D:10     | Entered Level 10 of the Dungeon
 10058 | D:10     | Reached skill level 5 in Shields
 10194 | D:10     | Noticed Grum
 10212 | D:10     | Killed Grum
 10346 | D:10     | Found a shimmering altar of Xom.
 10347 | D:10     | Upgraded the game from 0.31-a0-1570-g93c622d222 to
                  | 0.31-a0-1576-ga3383bade6
 10518 | D:10     | Found a glowing golden altar of the Shining One.
 10560 | D:10     | Found a staircase to the Lair.
 10579 | D:10     | Reached skill level 8 in Fighting
 10820 | D:10     | Noticed Fannar
 11003 | D:10     | Identified the ring "Hudu" {rF+ rCorr EV+5 Dex+2}
 11095 | D:10     | Killed Fannar
 11095 | D:10     | Reached ***** piety under Okawaru
 11301 | D:10     | Found a sparkling altar of Nemelex Xobeh.
 12131 | D:10     | Noticed a boulder beetle
 12138 | D:10     | a boulder beetle changed into a slime creature
 12145 | D:10     | Noticed an eight-headed hydra
 12189 | D:10     | Killed an eight-headed hydra
 12269 | D:10     | Identified the +4 dagger of Peace {drain, rF+ Int+3}
 12309 | D:10     | Noticed a cyclops
 12309 | D:10     | Noticed a white ugly thing
 12309 | D:10     | Noticed a manticore
 12309 | D:10     | Noticed a boulder beetle
 12310 | D:10     | Noticed a wolf spider
 12311 | D:10     | Noticed a four-headed hydra
 12320 | D:10     | Killed a wolf spider
 12321 | D:10     | Reached XP level 12. HP: 64/75 MP: 13/22
 12321 | D:10     | Killed a boulder beetle
 12322 | D:10     | Reached skill level 9 in Fighting
 12327 | D:10     | Received a gift from Okawaru
 12340 | D:10     | Killed a four-headed hydra
 12852 | D:10     | Identified the +5 hand axe "Hydrabane" {elec, rPois}
 12862 | D:10     | Identified the +4 dagger "Newtbane" {freeze, rF++ Will+}
 12967 | D:10     | Upgraded the game from 0.31-a0-1576-ga3383bade6 to
                  | 0.31-a0-1589-g8f5e8aebd6
 13013 | D:11     | Noticed a two-headed ogre
 13023 | D:11     | Killed a two-headed ogre
 13106 | D:11     | Noticed a boulder beetle
 13122 | D:11     | Killed a boulder beetle
 13485 | D:11     | Noticed Lodul
 13495 | D:11     | Killed Lodul
 14000 | Lair:1   | Entered Level 1 of the Lair of Beasts
 14051 | Lair:1   | Reached ****** piety under Okawaru
 14064 | Lair:1   | Acquired the +7 ring mail of Gluttony {rC+ Will+}
 14064 | Lair:1   | Received a gift from Okawaru
 14206 | Lair:1   | Reached skill level 1 in Armour
 14219 | Lair:1   | Received a gift from Okawaru
 14278 | Lair:1   | Reached skill level 10 in Fighting
 14326 | Lair:1   | Identified the +0 scale mail of Qiuntul {Str+4 Stlth+}
 14657 | Lair:1   | Reached XP level 13. HP: 31/82 MP: 22/24
 14995 | Lair:1   | Reached skill level 5 in Evocations
 15731 | Lair:2   | Found a gate leading to a gauntlet.
 15903 | Lair:2   | Received a gift from Okawaru
 15966 | Gauntlet | Entered a Gauntlet
 15966 | Gauntlet | Found a transporter.
 15980 | Gauntlet | Found a transporter.
 15984 | Gauntlet | Found a transporter.
 16003 | Gauntlet | Found a transporter.
 16025 | Gauntlet | Found a transporter.
 16040 | Gauntlet | Slain by a very large slime creature

Illustrated notes

Levels and vault maps discovered:
D:1:      dpeg_arrival_connections, layout_basic
D:2:      layout_loops_ring, uniq_sigmund
D:3:      layout_basic, marbit_many_paths, grunt_decor_clamped, uniq_ijyb,
          uniq_natasha
D:4:      layout_gridville, mainiacjoe_overflow_small_starburst, tgw_trog,
          okawaru_ov_weapons_minmay, uniq_menkaure
D:5:      layout_loops_ring, lemuel_coloured_pillars_altar, minmay_small_thing
D:6:      layout_cave_pools, minmay_temple_entry_slanted, serial_shops,
          nicolae_shop_window_shopping
D:7:      layout_cave_pools, mainiacjoe_overflow_cross_hatched,
          nicolae_ashenzari_skybound
D:8:      layout_basic, minmay_fractal_squares_gapless_5
D:9:      layout_loops_ring, nzn_wu_jian_council_hall, enter_bailey_2,
          mrwooster_statue_mirror, uniq_harold, uniq_maurice
D:10:     minmay_the_grid_octo_tiled_squarecenter
          [minmay_the_grid_octo_checkered, minmay_the_grid_octo_clover_2,
          minmay_the_grid_octo_teeth, minmay_the_grid_octo_tetromino_candy,
          minmay_the_grid_square_5x5_megaprize_open,
          minmay_the_grid_square_5x5_plus, minmay_the_grid_square_5x5_meh,
          minmay_the_grid_square_5x5_z, minmay_the_grid_square_5x5_one_wall],
          layout_cave_pods, nicolae_overflow_crystal_walls, lemuel_doored_altar,
          nemelex_spade_bored_becter, uniq_grum, uniq_fannar
D:11:     layout_roguey, uniq_lodul
Temple:   minmay_temple_curvy_loop
Lair:1:   layout_cave_pods, beast_lair_carwin_7, lemuel_fruit_fields
Lair:2:   layout_roguey, minmay_shoals_entry_hut, gauntlet_entry_generic,
          cheibrodos_lair_reptile_den, grunt_megastairs_2
Gauntlet: gammafunk_gauntlet_77_escape_option
          [minmay_gauntlet_arena_77_two_paths,
          minmay_gauntlet_arena_77_tiled_triplets,
          minmay_gauntlet_arena_77_path, minmay_gauntlet_arena_77_hold_the_fort,
          minmay_gauntlet_arena_77_double_cross, gauntlet_exit_hidden_loot]

Skill      XL: |  1  2  3  4  5  6  7  8  9 10 11 12 13 |
---------------+----------------------------------------+-----
Dodging        | 2 |  2.4
Stealth        | 3 4 |  4.4
Conjurations   | 2 3 4 5 6 |  6.0
Earth Magic    | 4 5 |  5.3
Spellcasting   | 3 4 5 7 |  7.8
Fighting       | 1 2 3 4 6 7 8 10 | 10.6
Polearms       | 1 3 4 5 7 8 |  8.6
Translocations | 1 3 4 |  4.2
Evocations     | 1 3 4 5 |  5.3
Invocations    | 3 5 7 8 |  8.0
Shields        | 2 4 6 8 |  8.9
Armour         | 2 4 |  4.0

Action                     |  1- 3 |  4- 6 |  7- 9 | 10-12 | 13-15 || total
---------------------------+-------+-------+-------+-------+-------++-------
  Melee: Unarmed           |     7 |       |       |       |       ||     7
         Dagger            |     1 |       |     1 |       |       ||     2
         Lance             |       |       |   100 |   440 |   183 ||   723
         Punch             |       |       |       |     2 |       ||     2
  Throw: Throwing net      |       |       |       |     1 |       ||     1
   Cast: Sandblast         |    33 |    55 |   143 |   148 |       ||   379
         Stone Arrow       |       |       |    26 |    72 |     1 ||    99
         Gell's Gravitas   |       |       |     1 |    16 |       ||    17
 Invoke: Heroism           |       |       |       |     2 |     1 ||     3
         Receive Armour    |       |       |       |     1 |       ||     1
  Evoke: Wand              |       |       |       |    17 |       ||    17
         Condenser vane    |       |       |       |     2 |       ||     2
    Use: Scroll            |       |       |    18 |    11 |       ||    29
         Potion            |       |       |     4 |     4 |       ||     8
   Stab: Sleeping          |       |       |     3 |     5 |       ||     8
         Paralysed         |       |       |       |     4 |       ||     4
 Armour: Robe              |    16 |    23 |   220 |       |       ||   259
         Leather armour    |       |       |    26 |   359 |       ||   385
         Ring mail         |       |       |       |    52 |    99 ||   151
         Troll leather arm |       |       |       |    29 |       ||    29
  Dodge: Dodged            |    11 |    20 |   223 |   391 |   113 ||   758
  Block: Kite shield       |       |       |       |    68 |   154 ||   222

Table legend: (Time is in decaauts)
 A = Elapsed time spent in this place.
 B = Non-inter-level travel time spent in this place.
 C = Inter-level travel time spent in this place.
 D = Time resting spent in this place.
 E = Time spent auto-exploring this place.
 F = Levels seen in this place.
 G = Mean time per level.
                   A        B        C        D        E       F      G
               +--------+--------+--------+--------+--------+-----+--------+
         Total |  16362 |  15602 |    760 |    905 |  11566 |  15 | 1090.8 |
       Dungeon |  14153 |  13460 |    693 |    905 |  10144 |  11 | 1286.6 |
        Temple |    106 |     86 |     20 |      0 |      0 |   1 |  106.0 |
          Lair |   2026 |   1980 |     46 |      0 |   1421 |   2 | 1013.0 |
      Gauntlet |     75 |     75 |      0 |      0 |      0 |   1 |   75.0 |
               +--------+--------+--------+--------+--------+-----+--------+

Top non-repeatable levels by time:
    D:10: 3043 daAuts
     D:5: 1692 daAuts
     D:9: 1643 daAuts
  Lair:1: 1525 daAuts
     D:3: 1259 daAuts
     D:8: 1178 daAuts
     D:4: 1155 daAuts
    D:11: 1009 daAuts
     D:1: 861 daAuts
     D:2: 836 daAuts
     D:6: 772 daAuts
     D:7: 701 daAuts
  Lair:2: 501 daAuts
  Temple: 106 daAuts
Gauntlet: 75 daAuts
